Connexion

Wolves vs Marlies

Created - 19 mars 2024 at 06:05

Goals
1 2 3 T
Wolves 3 3 0 6
Marlies 5 1 2 8
Shots
1 2 3 T
Wolves 16 14 12 42
Marlies 14 7 16 37

GoalsPenalties
1st period
1. Wolves , Tanner Kero 37 (Jack Rodewald 42, Mitchell Vande Sompel 50) at 2:18
2. Marlies , Max McCormick 34 (Calvin De Haan 41, Loui Eriksson 52) at 2:51
3. Wolves , Brett Seney 44 (Mark Jankowski 40, Garrett Mitchell 48) at 3:12
4. Wolves , Garrett Mitchell 35 (Mark Jankowski 41, Matt Tennyson 29) at 4:18
5. Marlies , Mathias Brome 12 (Mitchell Heard 16, Dominik Simon 35) at 9:24
6. Marlies , Brad Malone 21 (Tim Schaller 37, Dominik Simon 36) at 13:35
7. Marlies , Yegor Rykov 2 (Mitchell Heard 17) at 13:48
8. Marlies , Victor Ejdsell 22 (Kristian Vesalainen 27, Brad Malone 39) at 15:28
Jordan Sambrook (CHI) for Interference (Minor) at 15:31
2nd period
9. Wolves , Tanner Kero 38 (Gregory Hofmann 49) at 0:38
10. Wolves , Mark Jankowski 11 (Garrett Mitchell 49) at 1:36 (PP)
11. Wolves , Scott Kosmachuk 22 (Radim Simek 25, Mitchell Vande Sompel 51) at 8:08
12. Marlies , Loui Eriksson 28 (Max McCormick 52, Cal O'Reilly 46) at 14:12
Ian McCoshen (TOR) for Close Hand On Puck (Minor) at 1:01
Brad Malone (TOR) for Hooking (Minor) at 4:49
3rd period
13. Marlies , Max McCormick 35 (Loui Eriksson 53, Cal O'Reilly 47) at 12:17
14. Marlies , Loui Eriksson 29 (Cal O'Reilly 48) at 12:21
Mitchell Heard (TOR) for Hooking (Minor) at 6:46
Tanner Kero (CHI) for Goalie Interference (Minor) at 12:39
Dylan Blujus (TOR) for Hooking (Minor) at 19:57
Goalie Stats
Brandon Halverson (CHI), 6 saves from 10 shots - (0,600), 14:30 minutes
Roddy Ross (CHI), 23 saves from 27 shots - (0,852), L, 0-1-0, 45:30 minutes
Erik Kallgren (TOR), 36 saves from 42 shots - (0,857), W, 27-25-3, 60:00 minutes
3 StarsOfficial
1 - Loui Eriksson (TOR)
2 - Max McCormick (TOR)
3 - Cal O'Reilly (TOR)
Referees : Don Koharski and Dave Jackson
Linesman : Lonnie Cameron and David Brisebois
Game Note
Brandon Halverson is injured at 14:30 of 1st period (Lower Body)
Roddy Ross enters game at 14:30 of 1st period
Finance
Level 1 -- Attendance: 1936 (96,80%) -- Ticket Income $38,720
Level 2 -- Attendance: 952 (95,20%) -- Ticket Income $14,280
Total Attendance: 2888 (96,27%)
Total Ticket Income: $53,000
Other Income: $10,600
Total Income: $63,600



Team Name Goals Shots Shots Attemp Shots Blocked PIM HIT PP PK FO%
Wolves 6428094221 / 4 (25%)055%
Marlies 83779148250 / 2 (0%)145%

Wolves
Player Name POS G A P +/- PIM HIT SHT SB MP PP MP PP SHT PK MP PK SHT FO% FOT
Adam HelewkaLW000-200105:200:0000:000100% 1
Artur GavrusC/LW0000000010:470:0000:00042% 12
Brett SeneyLW1010012020:272:3211:19067% 3
David CottonC000-201006:090:0000:49040% 10
Garrett MitchellRW1230005019:082:3200:000100% 2
Gregory HofmannC/LW011-1032023:122:0302:25054% 41
Jack RodewaldRW011-1023223:122:0312:25150% 2
Jamie DevaneLW0000013010:470:0000:0000% 0
Jens LookeLW/RW000-200105:340:0000:1400% 0
Jordan SambrookD000-1200013:530:0000:0000% 0
Mark JankowskiC1230045019:222:3210:14068% 22
Matt TennysonD011-2031121:342:3201:4800% 0
Mitchell Vande SompelD0220003124:201:5122:1000% 0
Radim SimekD0110030224:322:0302:1000% 0
Ryan StantonD000-2032221:342:3211:4800% 0
Scott KosmachukRW1010003010:470:0000:0000% 0
Tanner KeroC/LW202-12111021:162:0300:3000% 2
Tommy CrossD000-1000114:060:1200:0000% 0
Marlies
Player Name POS G A P +/- PIM HIT SHT SB MP PP MP PP SHT PK MP PK SHT FO% FOT
Brad Malone C/LW112-1262025:151:4501:50038% 21
Cal O'ReillyC0333006021:452:0701:02060% 30
Calvin De HaanD0111013225:352:2812:4400% 0
Dominik SimonC/LW/RW0220003125:161:4502:320100% 1
Dylan BlujusD0001220225:262:2202:4200% 0
Ian McCoshenD0002222419:241:3001:4600% 0
Josh WesleyD0000020115:010:0600:0000% 0
Kristian VesalainenLW/RW0110001013:090:0601:20020% 5
Loui ErikssonLW/RW2243017020:432:0700:00033% 3
Mathias Brome LW1011013011:100:0000:000100% 1
Max McCormickC/LW2133005021:452:0701:02150% 2
Mitchell HeardC0221240011:090:0000:00045% 22
Skyler McKenzieLW000000000:310:0600:2500% 0
Tim McGauleyC000000000:230:0600:0800% 0
Tim SchallerC/LW/RW011-1002012:341:4500:5100% 1
Tyler LewingtonD0002030319:301:3001:5100% 0
Victor EjdsellC1010002111:430:0000:00022% 9
Yegor RykovD1010031015:020:0000:0700% 0



Play-by-Play

1st period


0:01 of 1st period - Gregory Hofmann wins face-off versus Brad Malone in neutral zone.
0:24 of 1st period - Shot by Jack Rodewald.
0:24 of 1st period - Shot Misses the Net.
0:26 of 1st period - Shot by Tanner Kero.
0:26 of 1st period - Shot Blocked by Calvin De Haan.
0:28 of 1st period - Shot by Tanner Kero.
0:28 of 1st period - Stopped by Erik Kallgren without a rebound.
0:29 of 1st period - Cal O'Reilly wins face-off versus Mark Jankowski in Marlies zone.
0:29 of 1st period - Cal O'Reilly is hit by Mark Jankowski.
0:47 of 1st period - Shot by Ian McCoshen.
0:47 of 1st period - Shot Misses the Net.
1:50 of 1st period - Shot by Kristian Vesalainen.
1:50 of 1st period - Shot Misses the Net.
2:16 of 1st period - Shot by Tanner Kero.
2:16 of 1st period - Stopped by Erik Kallgren with a rebound.
2:18 of 1st period - Shot by Jack Rodewald.
2:18 of 1st period - Deflect By Tanner Kero.
2:18 of 1st period - Goal by Tanner Kero - Wolves : 1 - Marlies : 0.
2:19 of 1st period - Mitchell Heard wins face-off versus David Cotton in neutral zone.
2:38 of 1st period - Shot by Mathias Brome .
2:38 of 1st period - Stopped by Brandon Halverson without a rebound.
2:39 of 1st period - Gregory Hofmann wins face-off versus Cal O'Reilly in Wolves zone.
2:48 of 1st period - Calvin De Haan is hit by Matt Tennyson and loses puck.
2:51 of 1st period - Shot by Max McCormick.
2:51 of 1st period - Goal by Max McCormick - Wolves : 1 - Marlies : 1.
2:52 of 1st period - Mark Jankowski wins face-off versus Mitchell Heard in neutral zone.
2:52 of 1st period - Mark Jankowski is hit by Mitchell Heard.
3:06 of 1st period - Shot by Brett Seney.
3:06 of 1st period - Shot Blocked by Ian McCoshen.
3:08 of 1st period - Shot by Garrett Mitchell.
3:08 of 1st period - Shot Misses the Net.
3:10 of 1st period - Shot by Mark Jankowski.
3:10 of 1st period - Stopped by Erik Kallgren with a rebound.
3:12 of 1st period - Shot by Brett Seney.
3:12 of 1st period - Goal by Brett Seney - Wolves : 2 - Marlies : 1.
3:13 of 1st period - Loui Eriksson wins face-off versus Gregory Hofmann in neutral zone.
3:26 of 1st period - Shot by Loui Eriksson.
3:26 of 1st period - Shot Misses the Net.
3:50 of 1st period - Shot by Cal O'Reilly.
3:50 of 1st period - Stopped by Brandon Halverson without a rebound.
3:51 of 1st period - Mark Jankowski wins face-off versus Brad Malone in Wolves zone.
4:07 of 1st period - Mark Jankowski is hit by Yegor Rykov and loses puck.
4:16 of 1st period - Shot by Garrett Mitchell.
4:16 of 1st period - Stopped by Erik Kallgren with a rebound.
4:18 of 1st period - Shot by Mark Jankowski.
4:18 of 1st period - Deflect By Garrett Mitchell.
4:18 of 1st period - Goal by Garrett Mitchell - Wolves : 3 - Marlies : 1.
4:19 of 1st period - David Cotton wins face-off versus Victor Ejdsell in neutral zone.
4:22 of 1st period - Tyler Lewington is hit by David Cotton.
4:34 of 1st period - Shot by Adam Helewka.
4:34 of 1st period - Shot Blocked by Victor Ejdsell.
4:36 of 1st period - Shot by Adam Helewka.
4:36 of 1st period - Stopped by Erik Kallgren without a rebound.
4:37 of 1st period - Cal O'Reilly wins face-off versus Gregory Hofmann in Marlies zone.
5:15 of 1st period - Shot by Cal O'Reilly.
5:15 of 1st period - Shot Misses the Net.
5:23 of 1st period - Calvin De Haan is hit by Gregory Hofmann and loses puck.
5:39 of 1st period - Icing by Ryan Stanton.
5:40 of 1st period - Brad Malone wins face-off versus Artur Gavrus in Wolves zone.
6:08 of 1st period - Shot by Artur Gavrus.
6:08 of 1st period - Shot Misses the Net.
6:12 of 1st period - Shot by Scott Kosmachuk.
6:12 of 1st period - Shot Blocked by Tyler Lewington.
6:14 of 1st period - Shot by Jamie Devane.
6:14 of 1st period - Shot Blocked by Ian McCoshen.
6:16 of 1st period - Shot by Scott Kosmachuk.
6:16 of 1st period - Stopped by Erik Kallgren without a rebound.
6:17 of 1st period - Mitchell Heard wins face-off versus Mark Jankowski in Marlies zone.
7:10 of 1st period - Shot by Brad Malone .
7:10 of 1st period - Shot Blocked by Tommy Cross.
7:12 of 1st period - Shot by Kristian Vesalainen.
7:12 of 1st period - Deflect By Victor Ejdsell.
7:12 of 1st period - Shot Misses the Net.
7:20 of 1st period - Shot by Victor Ejdsell.
7:20 of 1st period - Deflect By Kristian Vesalainen.
7:20 of 1st period - Stopped by Brandon Halverson without a rebound.
7:21 of 1st period - Cal O'Reilly wins face-off versus Gregory Hofmann in Wolves zone.
7:24 of 1st period - Shot by Cal O'Reilly.
7:24 of 1st period - Deflect By Max McCormick.
7:24 of 1st period - Shot Misses the Net.
7:26 of 1st period - Shot by Loui Eriksson.
7:26 of 1st period - Stopped by Brandon Halverson without a rebound.
7:27 of 1st period - Gregory Hofmann wins face-off versus Cal O'Reilly in Wolves zone.
7:43 of 1st period - Gregory Hofmann is hit by Tyler Lewington and loses puck.
7:52 of 1st period - Shot by Loui Eriksson.
7:52 of 1st period - Deflect By Max McCormick.
7:52 of 1st period - Shot Misses the Net.
8:06 of 1st period - Gregory Hofmann is hit by Ian McCoshen and loses puck.
8:53 of 1st period - Shot by Jens Looke.
8:53 of 1st period - Stopped by Erik Kallgren without a rebound.
8:54 of 1st period - Artur Gavrus wins face-off versus Mitchell Heard in Marlies zone.
9:22 of 1st period - Shot by Mitchell Heard.
9:22 of 1st period - Shot Misses the Net.
9:24 of 1st period - Shot by Mathias Brome .
9:24 of 1st period - Goal by Mathias Brome - Wolves : 3 - Marlies : 2.
9:25 of 1st period - Mark Jankowski wins face-off versus Kristian Vesalainen in neutral zone.
10:01 of 1st period - Shot by Victor Ejdsell.
10:01 of 1st period - Stopped by Brandon Halverson without a rebound.
10:02 of 1st period - Gregory Hofmann wins face-off versus Cal O'Reilly in Wolves zone.
10:31 of 1st period - Shot by Tanner Kero.
10:31 of 1st period - Stopped by Erik Kallgren without a rebound.
10:32 of 1st period - Brad Malone wins face-off versus David Cotton in Marlies zone.
11:09 of 1st period - Shot by Tim Schaller.
11:09 of 1st period - Shot Misses the Net.
12:35 of 1st period - Radim Simek is hit by Loui Eriksson and loses puck.
13:35 of 1st period - Shot by Brad Malone .
13:35 of 1st period - Goal by Brad Malone - Wolves : 3 - Marlies : 3.
13:36 of 1st period - Adam Helewka wins face-off versus Mitchell Heard in neutral zone.
13:46 of 1st period - Shot by Mitchell Heard.
13:46 of 1st period - Shot Misses the Net.
13:48 of 1st period - Shot by Yegor Rykov.
13:48 of 1st period - Goal by Yegor Rykov - Wolves : 3 - Marlies : 4.
13:49 of 1st period - Artur Gavrus wins face-off versus Victor Ejdsell in neutral zone.
14:20 of 1st period - Shot by Jamie Devane.
14:20 of 1st period - Stopped by Erik Kallgren without a rebound.
14:21 of 1st period - Mitchell Heard wins face-off versus Gregory Hofmann in Marlies zone.
14:30 of 1st period - Shot by Dominik Simon.
14:30 of 1st period - Deflect By Mathias Brome .
14:30 of 1st period - Stopped by Brandon Halverson without a rebound.
14:30 of 1st period - Brandon Halverson from Wolves is injured at 14:30 of 1st period (Lower Body).
14:30 of 1st period - Roddy Ross enters game.
14:31 of 1st period - Brett Seney wins face-off versus Mitchell Heard in Wolves zone.
14:53 of 1st period - Shot by Brett Seney.
14:53 of 1st period - Shot Misses the Net.
14:55 of 1st period - Shot by Ryan Stanton.
14:55 of 1st period - Shot Blocked by Ian McCoshen.
14:57 of 1st period - Shot by Mark Jankowski.
14:57 of 1st period - Stopped by Erik Kallgren with a rebound.
15:01 of 1st period - Shot by Garrett Mitchell.
15:01 of 1st period - Shot Blocked by Ian McCoshen.
15:03 of 1st period - Shot by Ryan Stanton.
15:03 of 1st period - Shot Misses the Net.
15:05 of 1st period - Shot by Ryan Stanton.
15:05 of 1st period - Stopped by Erik Kallgren without a rebound.
15:06 of 1st period - Gregory Hofmann wins face-off versus Victor Ejdsell in Marlies zone.
15:06 of 1st period - Mitchell Vande Sompel is hit by Josh Wesley and loses puck.
15:22 of 1st period - Shot by Kristian Vesalainen.
15:22 of 1st period - Shot Misses the Net.
15:24 of 1st period - Shot by Brad Malone .
15:24 of 1st period - Shot Misses the Net.
15:26 of 1st period - Shot by Kristian Vesalainen.
15:26 of 1st period - Shot Misses the Net.
15:28 of 1st period - Shot by Victor Ejdsell.
15:28 of 1st period - Goal by Victor Ejdsell - Wolves : 3 - Marlies : 5.
15:29 of 1st period - Cal O'Reilly wins face-off versus Artur Gavrus in neutral zone.
15:31 of 1st period - Minor Penalty to Jordan Sambrook for Interference.
15:32 of 1st period - Cal O'Reilly wins face-off versus Gregory Hofmann in Wolves zone.
15:45 of 1st period - Shot by Dylan Blujus.
15:45 of 1st period - Shot Misses the Net.
15:47 of 1st period - Shot by Dylan Blujus.
15:47 of 1st period - Shot Blocked by Jack Rodewald.
15:49 of 1st period - Shot by Calvin De Haan.
15:49 of 1st period - Shot Blocked by Ryan Stanton.
15:51 of 1st period - Shot by Max McCormick.
15:51 of 1st period - Shot Misses the Net.
15:53 of 1st period - Shot by Calvin De Haan.
15:53 of 1st period - Stopped by Roddy Ross without a rebound.
15:54 of 1st period - Gregory Hofmann wins face-off versus Brad Malone in Wolves zone.
16:05 of 1st period - Shot by Dominik Simon.
16:05 of 1st period - Shot Blocked by Radim Simek.
16:34 of 1st period - Off-side.
16:35 of 1st period - Gregory Hofmann wins face-off versus Cal O'Reilly in neutral zone.
16:51 of 1st period - Icing by Cal O'Reilly.
16:52 of 1st period - Gregory Hofmann wins face-off versus Loui Eriksson in Marlies zone.
16:53 of 1st period - Shot by Jack Rodewald.
16:53 of 1st period - Stopped by Erik Kallgren without a rebound.
16:54 of 1st period - Gregory Hofmann wins face-off versus Cal O'Reilly in Marlies zone.
17:35 of 1st period - Shot by Dominik Simon.
17:35 of 1st period - Stopped by Roddy Ross with a rebound.
17:37 of 1st period - Shot by Ian McCoshen.
17:37 of 1st period - Stopped by Roddy Ross without a rebound.
17:38 of 1st period - Mark Jankowski wins face-off versus Brad Malone in Wolves zone.
18:30 of 1st period - Icing by Ryan Stanton.
18:31 of 1st period - Mark Jankowski wins face-off versus Max McCormick in Wolves zone.
18:55 of 1st period - Icing by Jack Rodewald.
18:56 of 1st period - Gregory Hofmann wins face-off versus Mitchell Heard in Wolves zone.
19:19 of 1st period - Shot by Gregory Hofmann.
19:19 of 1st period - Shot Blocked by Josh Wesley.
19:21 of 1st period - Shot by Mitchell Vande Sompel.
19:21 of 1st period - Stopped by Erik Kallgren without a rebound.
19:22 of 1st period - Kristian Vesalainen wins face-off versus Artur Gavrus in Marlies zone.
19:47 of 1st period - Shot by Dylan Blujus.
19:47 of 1st period - Shot Misses the Net.
19:54 of 1st period - Tommy Cross is hit by Dylan Blujus.
Goals for this period are 3 for Wolves vs 5 for Marlies.
Shots for this period are 16 for Wolves vs 14 for Marlies.

2nd period


0:01 of 2nd period - Brad Malone wins face-off versus Tanner Kero in neutral zone.
0:38 of 2nd period - Shot by Tanner Kero.
0:38 of 2nd period - Goal by Tanner Kero - Wolves : 4 - Marlies : 5.
0:39 of 2nd period - Cal O'Reilly wins face-off versus Mark Jankowski in neutral zone.
0:45 of 2nd period - Max McCormick is hit by Matt Tennyson and loses puck.
1:01 of 2nd period - Minor Penalty to Ian McCoshen for Close Hand On Puck.
1:02 of 2nd period - Gregory Hofmann wins face-off versus Brad Malone in Marlies zone.
1:07 of 2nd period - Shot by Tanner Kero.
1:07 of 2nd period - Shot Blocked by Dylan Blujus.
1:09 of 2nd period - Shot by Jack Rodewald.
1:09 of 2nd period - Deflect By Tanner Kero.
1:09 of 2nd period - Shot Misses the Net.
1:11 of 2nd period - Shot by Jack Rodewald.
1:11 of 2nd period - Shot Misses the Net.
1:13 of 2nd period - Shot by Jack Rodewald.
1:13 of 2nd period - Shot Misses the Net.
1:15 of 2nd period - Shot by Mitchell Vande Sompel.
1:15 of 2nd period - Shot Blocked by Calvin De Haan.
1:17 of 2nd period - Shot by Mitchell Vande Sompel.
1:17 of 2nd period - Stopped by Erik Kallgren with a rebound.
1:19 of 2nd period - Shot by Jack Rodewald.
1:19 of 2nd period - Shot Misses the Net.
1:21 of 2nd period - Shot by Radim Simek.
1:21 of 2nd period - Shot Blocked by Dominik Simon.
1:23 of 2nd period - Shot by Jack Rodewald.
1:23 of 2nd period - Shot Misses the Net.
1:25 of 2nd period - Shot by Mitchell Vande Sompel.
1:25 of 2nd period - Shot Misses the Net.
1:27 of 2nd period - Shot by Radim Simek.
1:27 of 2nd period - Shot Misses the Net.
1:31 of 2nd period - Shot by Jack Rodewald.
1:31 of 2nd period - Stopped by Erik Kallgren without a rebound.
1:32 of 2nd period - Mark Jankowski wins face-off versus Brad Malone in Marlies zone.
1:32 of 2nd period - Mark Jankowski is hit by Tyler Lewington.
1:34 of 2nd period - Shot by Garrett Mitchell.
1:34 of 2nd period - Shot Misses the Net.
1:36 of 2nd period - Shot by Mark Jankowski.
1:36 of 2nd period - Goal by Mark Jankowski - Wolves : 5 - Marlies : 5.
1:37 of 2nd period - Cal O'Reilly wins face-off versus Brett Seney in neutral zone.
1:42 of 2nd period - Shot by Max McCormick.
1:42 of 2nd period - Shot Misses the Net.
1:53 of 2nd period - Icing by Brett Seney.
1:54 of 2nd period - Mark Jankowski wins face-off versus Mitchell Heard in Wolves zone.
2:00 of 2nd period - Ryan Stanton is hit by Yegor Rykov and loses puck.
2:52 of 2nd period - Brett Seney is hit by Brad Malone and loses puck.
3:23 of 2nd period - Shot by Tanner Kero.
3:23 of 2nd period - Stopped by Erik Kallgren without a rebound.
3:24 of 2nd period - Cal O'Reilly wins face-off versus Artur Gavrus in Marlies zone.
3:24 of 2nd period - Cal O'Reilly is hit by Jamie Devane.
3:52 of 2nd period - Shot by Cal O'Reilly.
3:52 of 2nd period - Stopped by Roddy Ross without a rebound.
3:53 of 2nd period - Gregory Hofmann wins face-off versus Mitchell Heard in Wolves zone.
3:53 of 2nd period - Gregory Hofmann is hit by Mathias Brome .
4:17 of 2nd period - Shot by Tanner Kero.
4:17 of 2nd period - Shot Misses the Net.
4:21 of 2nd period - Shot by Gregory Hofmann.
4:21 of 2nd period - Stopped by Erik Kallgren with a rebound.
4:49 of 2nd period - Minor Penalty to Brad Malone for Hooking.
4:50 of 2nd period - Mark Jankowski wins face-off versus Kristian Vesalainen in Marlies zone.
5:57 of 2nd period - Shot by Max McCormick.
5:57 of 2nd period - Stopped by Roddy Ross without a rebound.
5:58 of 2nd period - Mark Jankowski wins face-off versus Tim Schaller in Wolves zone.
7:07 of 2nd period - Icing by Josh Wesley.
7:08 of 2nd period - David Cotton wins face-off versus Cal O'Reilly in Marlies zone.
7:37 of 2nd period - Shot by Loui Eriksson.
7:37 of 2nd period - Shot Misses the Net.
7:48 of 2nd period - Icing by Cal O'Reilly.
7:49 of 2nd period - Cal O'Reilly wins face-off versus Artur Gavrus in Marlies zone.
8:04 of 2nd period - Shot by Scott Kosmachuk.
8:04 of 2nd period - Shot Misses the Net.
8:08 of 2nd period - Shot by Scott Kosmachuk.
8:08 of 2nd period - Goal by Scott Kosmachuk - Wolves : 6 - Marlies : 5.
8:09 of 2nd period - Gregory Hofmann wins face-off versus Brad Malone in neutral zone.
8:37 of 2nd period - Shot by Tim Schaller.
8:37 of 2nd period - Stopped by Roddy Ross without a rebound.
8:38 of 2nd period - Brett Seney wins face-off versus Victor Ejdsell in Wolves zone.
8:57 of 2nd period - Shot by Kristian Vesalainen.
8:57 of 2nd period - Shot Misses the Net.
8:59 of 2nd period - Shot by Brad Malone .
8:59 of 2nd period - Shot Misses the Net.
9:01 of 2nd period - Shot by Tyler Lewington.
9:01 of 2nd period - Shot Misses the Net.
9:03 of 2nd period - Shot by Brad Malone .
9:03 of 2nd period - Shot Misses the Net.
9:08 of 2nd period - Icing by Radim Simek.
9:09 of 2nd period - Mark Jankowski wins face-off versus Mitchell Heard in Wolves zone.
9:09 of 2nd period - Mark Jankowski is hit by Mitchell Heard.
9:28 of 2nd period - Off-side.
9:29 of 2nd period - Gregory Hofmann wins face-off versus Cal O'Reilly in neutral zone.
9:35 of 2nd period - Off-side.
9:36 of 2nd period - Cal O'Reilly wins face-off versus Gregory Hofmann in neutral zone.
10:06 of 2nd period - Icing by Ryan Stanton.
10:07 of 2nd period - Gregory Hofmann wins face-off versus Brad Malone in Wolves zone.
10:07 of 2nd period - Tanner Kero is hit by Brad Malone and loses puck.
10:13 of 2nd period - Ryan Stanton is hit by Tyler Lewington.
10:49 of 2nd period - Shot by Garrett Mitchell.
10:49 of 2nd period - Stopped by Erik Kallgren without a rebound.
10:50 of 2nd period - Artur Gavrus wins face-off versus Loui Eriksson in Marlies zone.
10:50 of 2nd period - Artur Gavrus is hit by Dylan Blujus.
10:57 of 2nd period - Icing by Dylan Blujus.
10:58 of 2nd period - David Cotton wins face-off versus Cal O'Reilly in Marlies zone.
11:04 of 2nd period - Icing by Loui Eriksson.
11:05 of 2nd period - Cal O'Reilly wins face-off versus Artur Gavrus in Marlies zone.
11:27 of 2nd period - Shot by Loui Eriksson.
11:27 of 2nd period - Shot Misses the Net.
11:46 of 2nd period - Max McCormick is hit by Radim Simek and loses puck.
12:00 of 2nd period - Scott Kosmachuk is hit by Brad Malone and loses puck.
12:21 of 2nd period - Tyler Lewington is hit by Gregory Hofmann and loses puck.
12:28 of 2nd period - Shot by Jack Rodewald.
12:28 of 2nd period - Shot Misses the Net.
12:30 of 2nd period - Shot by Matt Tennyson.
12:30 of 2nd period - Stopped by Erik Kallgren without a rebound.
12:31 of 2nd period - Garrett Mitchell wins face-off versus Kristian Vesalainen in Marlies zone.
13:31 of 2nd period - Brad Malone is hit by Gregory Hofmann and loses puck.
13:44 of 2nd period - Shot by Jack Rodewald.
13:44 of 2nd period - Shot Hit the Post.
13:46 of 2nd period - Shot by Tanner Kero.
13:46 of 2nd period - Stopped by Erik Kallgren without a rebound.
13:47 of 2nd period - Cal O'Reilly wins face-off versus David Cotton in Marlies zone.
13:53 of 2nd period - Cal O'Reilly is hit by Radim Simek and loses puck.
14:12 of 2nd period - Shot by Loui Eriksson.
14:12 of 2nd period - Goal by Loui Eriksson - Wolves : 6 - Marlies : 6.
14:13 of 2nd period - Mitchell Heard wins face-off versus Gregory Hofmann in neutral zone.
14:13 of 2nd period - Ian McCoshen is hit by Jack Rodewald and loses puck.
14:20 of 2nd period - Shot by Gregory Hofmann.
14:20 of 2nd period - Shot Misses the Net.
14:22 of 2nd period - Shot by Matt Tennyson.
14:22 of 2nd period - Shot Blocked by Tyler Lewington.
14:28 of 2nd period - Shot by Tanner Kero.
14:28 of 2nd period - Stopped by Erik Kallgren without a rebound.
14:29 of 2nd period - Cal O'Reilly wins face-off versus Mark Jankowski in Marlies zone.
14:29 of 2nd period - Cal O'Reilly is hit by Mark Jankowski.
14:48 of 2nd period - Shot by Max McCormick.
14:48 of 2nd period - Stopped by Roddy Ross without a rebound.
14:49 of 2nd period - Mitchell Heard wins face-off versus Gregory Hofmann in Wolves zone.
15:25 of 2nd period - Shot by Tanner Kero.
15:25 of 2nd period - Stopped by Erik Kallgren with a rebound.
15:50 of 2nd period - Ian McCoshen is hit by Ryan Stanton and loses puck.
16:02 of 2nd period - Mathias Brome is hit by Ryan Stanton and loses puck.
16:43 of 2nd period - Shot by Artur Gavrus.
16:43 of 2nd period - Shot Blocked by Dylan Blujus.
17:25 of 2nd period - David Cotton is hit by Josh Wesley and loses puck.
17:57 of 2nd period - Mitchell Vande Sompel is hit by Calvin De Haan and loses puck.
18:10 of 2nd period - Shot by Cal O'Reilly.
18:10 of 2nd period - Stopped by Roddy Ross without a rebound.
18:11 of 2nd period - Gregory Hofmann wins face-off versus Brad Malone in Wolves zone.
18:20 of 2nd period - Shot by Gregory Hofmann.
18:20 of 2nd period - Stopped by Erik Kallgren without a rebound.
18:21 of 2nd period - Mark Jankowski wins face-off versus Brad Malone in Marlies zone.
18:22 of 2nd period - Shot by Garrett Mitchell.
18:22 of 2nd period - Deflect By Mark Jankowski.
18:22 of 2nd period - Stopped by Erik Kallgren without a rebound.
18:23 of 2nd period - Cal O'Reilly wins face-off versus Gregory Hofmann in Marlies zone.
19:14 of 2nd period - Shot by Tim Schaller.
19:14 of 2nd period - Stopped by Roddy Ross without a rebound.
19:15 of 2nd period - Mark Jankowski wins face-off versus Mitchell Heard in Wolves zone.
19:34 of 2nd period - Shot by Mitchell Heard.
19:34 of 2nd period - Shot Blocked by Radim Simek.
19:36 of 2nd period - Shot by Mitchell Heard.
19:36 of 2nd period - Shot Misses the Net.
19:48 of 2nd period - Shot by Mitchell Heard.
19:48 of 2nd period - Shot Blocked by Mitchell Vande Sompel.
Goals for this period are 3 for Wolves vs 1 for Marlies.
Shots for this period are 14 for Wolves vs 7 for Marlies.

3rd period


0:01 of 3rd period - Dominik Simon wins face-off versus Gregory Hofmann in neutral zone.
0:13 of 3rd period - Icing by Calvin De Haan.
0:14 of 3rd period - Artur Gavrus wins face-off versus Brad Malone in Marlies zone.
0:28 of 3rd period - Jamie Devane is hit by Brad Malone .
0:33 of 3rd period - Dylan Blujus is hit by Matt Tennyson and loses puck.
0:36 of 3rd period - Shot by Brad Malone .
0:36 of 3rd period - Stopped by Roddy Ross without a rebound.
0:37 of 3rd period - Jack Rodewald wins face-off versus Cal O'Reilly in Wolves zone.
0:42 of 3rd period - Ian McCoshen is hit by Tanner Kero and loses puck.
0:53 of 3rd period - Shot by Max McCormick.
0:53 of 3rd period - Shot Misses the Net.
0:55 of 3rd period - Shot by Max McCormick.
0:55 of 3rd period - Stopped by Roddy Ross with a rebound.
1:09 of 3rd period - Shot by Loui Eriksson.
1:09 of 3rd period - Stopped by Roddy Ross with a rebound.
1:11 of 3rd period - Shot by Loui Eriksson.
1:11 of 3rd period - Stopped by Roddy Ross without a rebound.
1:12 of 3rd period - Garrett Mitchell wins face-off versus Brad Malone in Wolves zone.
1:29 of 3rd period - Shot by Brad Malone .
1:29 of 3rd period - Shot Misses the Net.
1:39 of 3rd period - Matt Tennyson is hit by Brad Malone and loses puck.
1:44 of 3rd period - Shot by Brad Malone .
1:44 of 3rd period - Shot Misses the Net.
1:54 of 3rd period - Brad Malone is hit by Mark Jankowski and loses puck.
2:38 of 3rd period - Shot by Max McCormick.
2:38 of 3rd period - Shot Misses the Net.
2:40 of 3rd period - Shot by Loui Eriksson.
2:40 of 3rd period - Stopped by Roddy Ross with a rebound.
2:42 of 3rd period - Shot by Loui Eriksson.
2:42 of 3rd period - Shot Blocked by Ryan Stanton.
2:48 of 3rd period - Shot by Cal O'Reilly.
2:48 of 3rd period - Stopped by Roddy Ross without a rebound.
2:49 of 3rd period - Gregory Hofmann wins face-off versus Victor Ejdsell in Wolves zone.
3:07 of 3rd period - Shot by Gregory Hofmann.
3:07 of 3rd period - Deflect By Tanner Kero.
3:07 of 3rd period - Stopped by Erik Kallgren with a rebound.
3:27 of 3rd period - Icing by Radim Simek.
3:28 of 3rd period - Mitchell Heard wins face-off versus Gregory Hofmann in Wolves zone.
3:29 of 3rd period - Shot by Dominik Simon.
3:29 of 3rd period - Stopped by Roddy Ross with a rebound.
3:31 of 3rd period - Shot by Dylan Blujus.
3:31 of 3rd period - Shot Blocked by Jack Rodewald.
4:43 of 3rd period - Shot by Cal O'Reilly.
4:43 of 3rd period - Stopped by Roddy Ross without a rebound.
4:44 of 3rd period - Victor Ejdsell wins face-off versus David Cotton in Wolves zone.
4:44 of 3rd period - Kristian Vesalainen is hit by Ryan Stanton and loses puck.
5:25 of 3rd period - Garrett Mitchell is hit by Brad Malone and loses puck.
5:57 of 3rd period - Shot by Cal O'Reilly.
5:57 of 3rd period - Shot Misses the Net.
5:59 of 3rd period - Shot by Loui Eriksson.
5:59 of 3rd period - Shot Misses the Net.
6:01 of 3rd period - Shot by Calvin De Haan.
6:01 of 3rd period - Stopped by Roddy Ross without a rebound.
6:02 of 3rd period - Mitchell Heard wins face-off versus Gregory Hofmann in Wolves zone.
6:07 of 3rd period - Shot by Mitchell Heard.
6:07 of 3rd period - Shot Misses the Net.
6:09 of 3rd period - Shot by Dominik Simon.
6:09 of 3rd period - Stopped by Roddy Ross without a rebound.
6:10 of 3rd period - Gregory Hofmann wins face-off versus Mitchell Heard in Wolves zone.
6:10 of 3rd period - Gregory Hofmann is hit by Mitchell Heard.
6:20 of 3rd period - Shot by Jack Rodewald.
6:20 of 3rd period - Stopped by Erik Kallgren with a rebound.
6:39 of 3rd period - Shot by Tanner Kero.
6:39 of 3rd period - Stopped by Erik Kallgren with a rebound.
6:46 of 3rd period - Minor Penalty to Mitchell Heard for Hooking.
6:47 of 3rd period - Mark Jankowski wins face-off versus Brad Malone in Marlies zone.
7:20 of 3rd period - Shot by Garrett Mitchell.
7:20 of 3rd period - Shot Misses the Net.
7:22 of 3rd period - Shot by Ryan Stanton.
7:22 of 3rd period - Stopped by Erik Kallgren without a rebound.
7:23 of 3rd period - Brad Malone wins face-off versus Gregory Hofmann in Marlies zone.
7:33 of 3rd period - Shot by Mitchell Vande Sompel.
7:33 of 3rd period - Stopped by Erik Kallgren without a rebound.
7:34 of 3rd period - Max McCormick wins face-off versus Gregory Hofmann in Marlies zone.
8:35 of 3rd period - Shot by Brett Seney.
8:35 of 3rd period - Stopped by Erik Kallgren without a rebound.
8:36 of 3rd period - Brad Malone wins face-off versus Mark Jankowski in Marlies zone.
8:50 of 3rd period - Icing by Jordan Sambrook.
8:51 of 3rd period - Cal O'Reilly wins face-off versus Artur Gavrus in Wolves zone.
9:01 of 3rd period - Scott Kosmachuk is hit by Yegor Rykov and loses puck.
9:08 of 3rd period - Shot by Scott Kosmachuk.
9:08 of 3rd period - Stopped by Erik Kallgren without a rebound.
9:09 of 3rd period - Gregory Hofmann wins face-off versus Kristian Vesalainen in Marlies zone.
11:04 of 3rd period - Shot by Garrett Mitchell.
11:04 of 3rd period - Stopped by Erik Kallgren with a rebound.
11:06 of 3rd period - Shot by Mark Jankowski.
11:06 of 3rd period - Stopped by Erik Kallgren without a rebound.
11:07 of 3rd period - David Cotton wins face-off versus Mitchell Heard in Marlies zone.
11:10 of 3rd period - Shot by Jens Looke.
11:10 of 3rd period - Shot Misses the Net.
11:13 of 3rd period - Icing by Josh Wesley.
11:14 of 3rd period - Gregory Hofmann wins face-off versus Mitchell Heard in Marlies zone.
11:28 of 3rd period - Icing by Yegor Rykov.
11:29 of 3rd period - Mathias Brome wins face-off versus Mark Jankowski in Marlies zone.
11:45 of 3rd period - Ryan Stanton is hit by Mitchell Heard and loses puck.
12:17 of 3rd period - Shot by Max McCormick.
12:17 of 3rd period - Goal by Max McCormick - Wolves : 6 - Marlies : 7.
12:18 of 3rd period - Cal O'Reilly wins face-off versus Gregory Hofmann in neutral zone.
12:21 of 3rd period - Shot by Loui Eriksson.
12:21 of 3rd period - Goal by Loui Eriksson - Wolves : 6 - Marlies : 8.
12:22 of 3rd period - Gregory Hofmann wins face-off versus Cal O'Reilly in neutral zone.
12:37 of 3rd period - Mitchell Vande Sompel is hit by Ian McCoshen and loses puck.
12:39 of 3rd period - Minor Penalty to Tanner Kero for Goalie Interference.
12:40 of 3rd period - Brad Malone wins face-off versus Gregory Hofmann in Wolves zone.
13:31 of 3rd period - Shot by Jack Rodewald.
13:31 of 3rd period - Shot Misses the Net.
14:02 of 3rd period - Shot by Tyler Lewington.
14:02 of 3rd period - Shot Blocked by Matt Tennyson.
14:56 of 3rd period - Icing by Tommy Cross.
14:57 of 3rd period - Artur Gavrus wins face-off versus Victor Ejdsell in Wolves zone.
15:13 of 3rd period - Shot by Jamie Devane.
15:13 of 3rd period - Stopped by Erik Kallgren without a rebound.
15:14 of 3rd period - Mitchell Heard wins face-off versus Gregory Hofmann in Marlies zone.
15:16 of 3rd period - Icing by Dylan Blujus.
15:17 of 3rd period - Mitchell Heard wins face-off versus Gregory Hofmann in Marlies zone.
15:17 of 3rd period - Mitchell Heard is hit by Jack Rodewald.
15:29 of 3rd period - Shot by Calvin De Haan.
15:29 of 3rd period - Shot Misses the Net.
15:31 of 3rd period - Shot by Calvin De Haan.
15:31 of 3rd period - Stopped by Roddy Ross without a rebound.
15:32 of 3rd period - Mark Jankowski wins face-off versus Cal O'Reilly in Wolves zone.
15:48 of 3rd period - Shot by Brett Seney.
15:48 of 3rd period - Shot Misses the Net.
15:50 of 3rd period - Shot by Garrett Mitchell.
15:50 of 3rd period - Shot Blocked by Tyler Lewington.
15:52 of 3rd period - Shot by Garrett Mitchell.
15:52 of 3rd period - Shot Misses the Net.
15:54 of 3rd period - Shot by Garrett Mitchell.
15:54 of 3rd period - Stopped by Erik Kallgren without a rebound.
15:55 of 3rd period - Victor Ejdsell wins face-off versus Gregory Hofmann in Marlies zone.
16:05 of 3rd period - Icing by Mitchell Vande Sompel.
16:06 of 3rd period - Brad Malone wins face-off versus Tanner Kero in Wolves zone.
17:27 of 3rd period - Dominik Simon is hit by Mark Jankowski and loses puck.
17:47 of 3rd period - Shot by Cal O'Reilly.
17:47 of 3rd period - Stopped by Roddy Ross without a rebound.
17:48 of 3rd period - Cal O'Reilly wins face-off versus David Cotton in Wolves zone.
17:49 of 3rd period - Shot by Max McCormick.
17:49 of 3rd period - Shot Misses the Net.
17:52 of 3rd period - Icing by Adam Helewka.
17:53 of 3rd period - Cal O'Reilly wins face-off versus David Cotton in Wolves zone.
18:21 of 3rd period - Shot by Loui Eriksson.
18:21 of 3rd period - Stopped by Roddy Ross without a rebound.
18:22 of 3rd period - Mitchell Heard wins face-off versus Jack Rodewald in Wolves zone.
18:30 of 3rd period - Off-side.
18:31 of 3rd period - Gregory Hofmann wins face-off versus Cal O'Reilly in neutral zone.
18:59 of 3rd period - Loui Eriksson is hit by Radim Simek and loses puck.
19:30 of 3rd period - Shot by Ian McCoshen.
19:30 of 3rd period - Stopped by Roddy Ross with a rebound.
19:40 of 3rd period - Shot by Jamie Devane.
19:40 of 3rd period - Shot Misses the Net.
19:42 of 3rd period - Shot by Jamie Devane.
19:42 of 3rd period - Stopped by Erik Kallgren without a rebound.
19:43 of 3rd period - Mark Jankowski wins face-off versus Victor Ejdsell in Marlies zone.
19:57 of 3rd period - Minor Penalty to Dylan Blujus for Hooking.
19:58 of 3rd period - Brad Malone wins face-off versus Mark Jankowski in Marlies zone.
19:58 of 3rd period - Brad Malone is hit by Brett Seney.
Goals for this period are 0 for Wolves vs 2 for Marlies.
Shots for this period are 12 for Wolves vs 16 for Marlies.